 Dungeon Crawl Stone Soup version 0.20-a0-1065-g8446734 (webtiles) character file.

39 Wendigo the Slasher (level 3, -1/29 HPs)
             Began as a Demonspawn Monk on Apr 28, 2017.
             Slain by Terence
             ... wielding a +0 hand axe
              (6 damage)
             ... on level 2 of the Dungeon.
             The game lasted 00:01:31 (1162 turns).

Wendigo the Slasher (Demonspawn Monk)               Turns: 1162, Time: 00:01:32

Health: -1/29      AC:  2    Str: 15    XL:     3   Next: 26%
Magic:  3/3        EV: 13    Int: 11    God:
Gold:   86         SH:  0    Dex: 15    Spells: 2/2 levels left

rFire    . . .     SeeInvis .   (no weapon)
rCold    . . .     Gourm    .   (no shield)
rNeg     . . .     Faith    .   b - +0 robe
rPois    .         Spirit   .   (helmet restricted)
rElec    .         Reflect  .   (no cloak)
rCorr    .         Harm     .   (no gloves)
MR       .....                  (no boots)
Stlth    ++........             (no amulet)
Regen    0.1/turn               j - ring of wizardry
MPRegen  0.1/turn               e - +3 ring of strength

@: no status effects
A: horns 1, spiny 1
a: no special abilities


You were on level 2 of the Dungeon.
You were not hungry.

You visited 1 branch of the dungeon, and saw 2 of its levels.

You collected 86 gold pieces.

Inventory:

Armour
 b - a +0 robe (worn)
Jewellery
 e - a +3 ring of strength (right hand)
 j - a ring of wizardry (left hand)
Scrolls
 a - a scroll of fear {unknown}
 f - a scroll of identify {unknown}
 g - a scroll of noise {unknown}
 l - a scroll of blinking {unknown}
Potions
 d - a potion of resistance {unknown}
 h - a potion of heal wounds {unknown}
 i - a potion of mutation {unknown}
Comestibles
 c - a bread ration
 k - a meat ration
 m - a chunk of flesh
 n - a royal jelly


   Skills:
 - Level 3.1 Fighting
   Level 3.4 Long Blades
 - Level 2.9 Dodging
 - Level 2.0 Stealth
 + Level 0.6 Unarmed Combat


You had 2 spell levels left.
You didn't know any spells.

Dungeon Overview and Level Annotations

Branches:
Dungeon (2/15)

Altars:
The Shining One

Annotations:
D:2 Terence


Innate Abilities, Weirdness & Mutations

You have a pair of small horns on your head.
You are partially covered in sharp spines.


Message History

Terence is struck by your spines. Terence hits you with a hand axe.
You hit Terence but do no damage. Your headbutt misses Terence.
Terence is severely wounded.
Terence hits you but does no damage.
You closely miss Terence.
Terence is severely wounded.
Terence hits you with a hand axe!
You hit Terence but do no damage.
Terence is severely wounded.
Terence hits you with a hand axe.
* * * LOW HITPOINT WARNING * * *
You closely miss Terence.
Terence is severely wounded.
Terence says, "Time to say good-bye..."
Terence hits you with a hand axe.
* * * LOW HITPOINT WARNING * * *
You hit Terence but do no damage. You headbutt Terence, but do no damage.
Terence is severely wounded.
Terence hits you with a hand axe.
You die...

## #.. ##. ...
#..#..## ##...#.##.
#### ###
.............#. ..
#....##......#.#
#....##....#...
#...........@.#
#####.#.##.##.##@#
........##.##.##.#
###..##..........#
###..##..#.....#.#
........##....#..#
.##......#.......##
.##...#...........#
.##...#...........#
###
..................#
##.##


You could see Terence.

Vanquished Creatures
  2 adders (D:2)
  A dart slug (D:2)
  A leopard gecko (D:1)
  3 goblins (D:1)
  2 hobgoblins (D:1)
  5 kobolds
  3 bats
  A frilled lizard (D:1)
18 creatures vanquished.

Notes
Turn   | Place    | Note
-------+----------+-------------------------------------------
     0 | D:1      | Wendigo the Demonspawn Monk began the quest for the Orb.
     0 | D:1      | Reached XP level 1. HP: 18/18 MP: 1/1
   316 | D:1      | Gained mutation: You are partially covered in sharp spines. [demonic ancestry]
   316 | D:1      | Reached XP level 2. HP: 21/24 MP: 2/2
   997 | D:2      | Found a glowing golden altar of the Shining One.
  1043 | D:2      | Gained mutation: You have a pair of small horns on your head. [demonic ancestry]
  1043 | D:2      | Reached XP level 3. HP: 23/29 MP: 3/3
  1137 | D:2      | Noticed Terence
  1162 | D:2      | Slain by Terence

Vault maps used:
D:1:      mrwooster_arrival_statue, minmay_hexomino_f4
D:2:      old_standard_altar, chequers_ecumenical_altar_simple,
          hangedman_abyss_or_decor_lesser_grid, minmay_tiny_reverse_x,
          uniq_terence

Skill      XL: |  1  2 |
---------------+-------+-----
Long Blades    | 3 |  3.4
Stealth        | 2 |  2.0
Fighting       | |  3.1
Dodging        | |  2.9
Unarmed Combat | |  0.6

Action                   || total
-------------------------++-------
Melee: Falchion          ||    34
       Unarmed           ||    11
       Headbutt          ||     4
 Stab: Sleeping          ||     1
  Eat: Chunk             ||     1
Armor: Robe              ||     8
Dodge: Dodged            ||    34
       Rpst.: Falchion   ||    11
